TOP OF THE 1ST |
Coweta HS Tigers batting - Pitching for Maize HS : RHP Dan Ramsey
|
Pitching: RHP Dan Ramsey
|
|
Batting: LHB Jamie Walker
|
0-0: Called Strike 0-1: Ball 1-1: Called Strike 1-2: Strikes out looking
|
Batting: RHB Dusty Green
|
0-0: Called Strike 0-1: Ball 1-1: Swinging Strike 1-2: Strikes out looking
|
Batting: RHB Kevin Burris
|
0-0: Ball 1-0: Foul Ball, location: 2F 1-1: Foul Ball, location: 2F 1-2: Ball 2-2: Ball 3-2: Fly out, F4 (Line Drive, 4)
|
Top of the 1st over - 0 run(s), 0 hit(s), 0 error(s), 0 left on base; Coweta HS 0 - Maize HS 0 |
BOTTOM OF THE 1ST |
Maize HS batting - Pitching for Coweta HS Tigers : RHP Ron Hawkins
|
Pitching: RHP Ron Hawkins
|
|
Batting: RHB Jorge Molina
|
0-0: Ball 1-0: Swinging Strike 1-1: Called Strike 1-2: Foul Ball, location: 2F 1-2: SINGLE (Line Drive, 89S)
|
Batting: RHB Dan Osborne
|
0-0: Called Strike 0-1: SINGLE (Line Drive, 6D) Jorge Molina to second
|
Batting: RHB Chris Wilson
|
0-0: Ball 1-0: Called Strike 1-1: Called Strike 1-2: Foul Ball, location: 2F 1-2: Strikes out swinging
|
Batting: SHB Ricardo Gómez
|
0-0: Ball 1-0: Ball 2-0: Ball 3-0: Foul Ball, location: 2F 3-1: Base on Balls Jorge Molina to third Dan Osborne to second
|
Batting: RHB Nelson Martínez
|
0-0: Fly out, F8 (Flyball, 8LS)
|
Batting: SHB Tony Morrison
|
0-0: Swinging Strike 0-1: Ball 1-1: Fly out, F6 (Popup, 56D)
|
Bottom of the 1st over - 0 run(s), 2 hit(s), 0 error(s), 3 left on base; Coweta HS 0 - Maize HS 0 |
TOP OF THE 2ND |
Coweta HS Tigers batting - Pitching for Maize HS : RHP Dan Ramsey
|
Batting: LHB John Jones
|
0-0: Ball 1-0: Ball 2-0: Foul Ball, location: 2F 2-1: Ball 3-1: Base on Balls
|
Batting: RHB Brian Andrews
|
0-0: Swinging Strike 0-1: Foul Ball, location: 2F 0-2: Ball 1-2: SINGLE (Line Drive, 89S) John Jones to second
|
Batting: RHB Eddie Fisher
|
0-0: Ball 1-0: Swinging Strike 1-1: Called Strike 1-2: Ball 2-2: Strikes out swinging
|
Batting: RHB Bill Tremblay
|
0-0: Ball 1-0: Ball 2-0: Foul Ball, location: 2F 2-1: Fielders Choice at 2nd, 4-6 (Groundball, 34) John Jones to third
|
Batting: RHB Arthur Salyers
|
0-0: Ball 1-0: Ball 2-0: Foul Ball, location: 2F 2-1: Foul Ball, location: 2F 2-2: Strikes out looking
|
Top of the 2nd over - 0 run(s), 1 hit(s), 0 error(s), 2 left on base; Coweta HS 0 - Maize HS 0 |
BOTTOM OF THE 2ND |
Maize HS batting - Pitching for Coweta HS Tigers : RHP Ron Hawkins
|
Batting: RHB Lorenzo Hernández
|
0-0: Ball 1-0: Reached on error, E5 (Groundball, 56S)
|
Batting: LHB Chad Aguilar
|
0-0: Called Strike 0-1: Ball 1-1: Foul Ball, location: 2F 1-2: Ball 2-2: Foul Ball, location: 2F 2-2: Strikes out looking
|
Batting: RHB Dan Ramsey
|
0-0: Called Strike 0-1: Foul Ball, location: 2F 0-2: Ball 1-2: Ball 2-2: Foul Ball, location: 2F 2-2: Grounds into double play, 2-6-3 (Groundball, 2R)
|
Bottom of the 2nd over - 0 run(s), 0 hit(s), 1 error(s), 0 left on base; Coweta HS 0 - Maize HS 0 |
TOP OF THE 3RD |
Coweta HS Tigers batting - Pitching for Maize HS : RHP Dan Ramsey
|
Batting: RHB Todd Slater
|
0-0: Called Strike 0-1: Ball 1-1: Ball 2-1: Called Strike 2-2: Strikes out swinging
|
Batting: LHB Jamie Walker
|
0-0: Ball 1-0: Bunt for hit - play at first, batter safe!
|
Batting: RHB Dusty Green
|
0-0: Called Strike 0-1: Swinging Strike 0-2: Foul Ball, location: 2F 0-2: Ball 1-2: Ball 2-2: Fly out, F9 (Flyball, 89XD) Runner from 1st tags up, SAFE at 2nd
|
Batting: RHB Kevin Burris
|
0-0: Swinging Strike 0-1: Ball 1-1: Ball 2-1: Called Strike 2-2: Strikes out swinging
|
Top of the 3rd over - 0 run(s), 1 hit(s), 0 error(s), 1 left on base; Coweta HS 0 - Maize HS 0 |
BOTTOM OF THE 3RD |
Maize HS batting - Pitching for Coweta HS Tigers : RHP Ron Hawkins
|
Batting: RHB Jorge Molina
|
0-0: Called Strike 0-1: Ball 1-1: Foul Ball, location: 2F 1-2: Ball 2-2: Foul Ball, location: 2F 2-2: Ball 3-2: SINGLE (Groundball, 6MD) (infield hit)
|
Batting: RHB Dan Osborne
|
0-0: Ball 1-0: Called Strike 1-1: Foul Ball, location: 2F 1-2: Strikes out swinging
|
Batting: RHB Chris Wilson
|
0-0: Ball Jorge Molina is caught stealing 2nd base 1-0: Ball 2-0: Called Strike 2-1: Fly out, F8 (Flyball, 8LM)
|
Bottom of the 3rd over - 0 run(s), 1 hit(s), 0 error(s), 0 left on base; Coweta HS 0 - Maize HS 0 |
TOP OF THE 4TH |
Coweta HS Tigers batting - Pitching for Maize HS : RHP Dan Ramsey
|
Batting: LHB John Jones
|
0-0: Called Strike 0-1: Fly out, F7 (Popup, 6D)
|
Batting: RHB Brian Andrews
|
0-0: SINGLE (Groundball, 4M)
|
Batting: RHB Eddie Fisher
|
0-0: Hit by Pitch Brian Andrews to second
|
Batting: RHB Bill Tremblay
|
0-0: Foul Ball, location: 2F 0-1: Ball 1-1: Ball 2-1: Ball 3-1: Base on Balls Brian Andrews to third Eddie Fisher to second
|
Batting: RHB Arthur Salyers
|
0-0: Ball 1-0: Called Strike 1-1: Foul Ball, location: 2F 1-2: Ball 2-2: SINGLE (Groundball, 6MD) Brian Andrews scores Eddie Fisher to third Bill Tremblay to second
|
Batting: RHB Todd Slater
|
0-0: TRIPLE (Line Drive, 89M) Eddie Fisher scores Bill Tremblay scores Arthur Salyers scores
|
Batting: LHB Jamie Walker
|
0-0: Ground out 2-3 (Groundball, 2R)
|
Batting: RHB Dusty Green
|
0-0: Called Strike 0-1: Foul Ball, location: 2F 0-2: Ball 1-2: Strikes out swinging
|
Top of the 4th over - 4 run(s), 3 hit(s), 0 error(s), 1 left on base; Coweta HS 4 - Maize HS 0 |
BOTTOM OF THE 4TH |
Maize HS batting - Pitching for Coweta HS Tigers : RHP Ron Hawkins
|
Batting: SHB Ricardo Gómez
|
0-0: Ball 1-0: Foul Ball, location: 2F 1-1: Ball 2-1: Foul Ball, location: 2F 2-2: Ball 3-2: Base on Balls
|
Batting: RHB Nelson Martínez
|
0-0: Called Strike 0-1: Swinging Strike 0-2: Foul Ball, location: 2F 0-2: Strikes out swinging
|
Batting: SHB Tony Morrison
|
0-0: Ball 1-0: Ball 2-0: Fly out, F8 (Flyball, 8RM)
|
Batting: RHB Lorenzo Hernández
|
0-0: Ball 1-0: Ball 2-0: SINGLE (Line Drive, 34) Ricardo Gómez to second
|
Batting: LHB Chad Aguilar
|
0-0: Called Strike 0-1: Called Strike 0-2: Ball 1-2: Ball 2-2: Strikes out swinging
|
Bottom of the 4th over - 0 run(s), 1 hit(s), 0 error(s), 2 left on base; Coweta HS 4 - Maize HS 0 |
TOP OF THE 5TH |
Coweta HS Tigers batting - Pitching for Maize HS : RHP Dan Ramsey
|
Batting: RHB Kevin Burris
|
0-0: Ball 1-0: Ball 2-0: Ball 3-0: Called Strike 3-1: Swinging Strike 3-2: Foul Ball, location: 2F 3-2: Base on Balls
|
Pitching: RHP Howard Brandon
|
|
Batting: LHB John Jones
|
0-0: Ball 1-0: Ball 2-0: Ball 3-0: Base on Balls Kevin Burris to second
|
Batting: RHB Brian Andrews
|
0-0: Foul Ball, location: 2F 0-1: Ball 1-1: Ball 2-1: Swinging Strike 2-2: Foul Ball, location: 2F 2-2: Fly out, F9 (Flyball, 9LSF)
|
Batting: RHB Eddie Fisher
|
0-0: 3-RUN HOME RUN (Line Drive, 7D), Distance : 385 ft
|
Batting: RHB Bill Tremblay
|
0-0: Called Strike 0-1: TRIPLE (Flyball, 9M)
|
Batting: RHB Arthur Salyers
|
0-0: Foul Ball, location: 2F 0-1: Ball 1-1: Foul Ball, location: 2F 1-2: Ball 2-2: Ball 3-2: Reached on Error, E8 (Flyball, 8RM) Bill Tremblay scores
|
Batting: RHB Todd Slater
|
0-0: Foul Ball, location: 2F 0-1: Called Strike 0-2: Ball 1-2: Strikes out swinging
|
Batting: LHB Jamie Walker
|
0-0: Ball 1-0: Ball 2-0: Called Strike 2-1: Called Strike 2-2: Foul Ball, location: 2F 2-2: Ball 3-2: Strikes out swinging
|
Top of the 5th over - 4 run(s), 2 hit(s), 1 error(s), 1 left on base; Coweta HS 8 - Maize HS 0 |
BOTTOM OF THE 5TH |
Maize HS batting - Pitching for Coweta HS Tigers : RHP Ron Hawkins
|
Batting: RHB Dan Ramsey
|
0-0: Ball 1-0: Ball 2-0: Called Strike 2-1: Ground out 4-3 (Groundball, 4)
|
Batting: RHB Jorge Molina
|
0-0: Ball 1-0: Foul Ball, location: 2F 1-1: Ball 2-1: Fly out, F6 (Popup, 6D)
|
Batting: RHB Dan Osborne
|
0-0: Foul Ball, location: 2F 0-1: Ball 1-1: Swinging Strike 1-2: Ball 2-2: Foul Ball, location: 2F 2-2: Foul Ball, location: 2F 2-2: Strikes out looking
|
Bottom of the 5th over - 0 run(s), 0 hit(s), 0 error(s), 0 left on base; Coweta HS 8 - Maize HS 0 |
TOP OF THE 6TH |
Coweta HS Tigers batting - Pitching for Maize HS : RHP Howard Brandon
|
Pitching: LHP Ángel Quintana
|
|
Batting: RHB Dusty Green
|
0-0: Foul Ball, location: 2F 0-1: Fly out, F9 (Flyball, 89M)
|
Batting: RHB Kevin Burris
|
0-0: Foul Ball, location: 2F 0-1: Ground out U3 (Groundball, 3S)
|
Batting: LHB John Jones
|
0-0: Ball 1-0: Called Strike 1-1: Called Strike 1-2: Foul Ball, location: 2F 1-2: Fly out, F7 (Line Drive, 7D)
|
Top of the 6th over - 0 run(s), 0 hit(s), 0 error(s), 0 left on base; Coweta HS 8 - Maize HS 0 |
BOTTOM OF THE 6TH |
Maize HS batting - Pitching for Coweta HS Tigers : RHP Ron Hawkins
|
Pitching: RHP Bruce Vázquez
|
|
Batting: RHB Chris Wilson
|
0-0: Ground out 6-3 (Groundball, 6M)
|
Batting: SHB Ricardo Gómez
|
0-0: Called Strike 0-1: Swinging Strike 0-2: Strikes out swinging
|
Batting: RHB Nelson Martínez
|
0-0: TRIPLE (Flyball, 8RM)
|
Batting: SHB Tony Morrison
|
0-0: Called Strike 0-1: DOUBLE (Line Drive, 7LM) Nelson Martínez scores
|
Batting: RHB Lorenzo Hernández
|
0-0: Swinging Strike 0-1: Foul Ball, location: 2F 0-2: Ball 1-2: Ball 2-2: Foul Ball, location: 2F 2-2: Ground out 6-3 (Groundball, 6)
|
Bottom of the 6th over - 1 run(s), 2 hit(s), 0 error(s), 1 left on base; Coweta HS 8 - Maize HS 1 |
TOP OF THE 7TH |
Coweta HS Tigers batting - Pitching for Maize HS : LHP Ángel Quintana
|
Batting: RHB Brian Andrews
|
0-0: Ball 1-0: Fly out, F9 (Flyball, 89S)
|
Batting: RHB Eddie Fisher
|
0-0: Swinging Strike 0-1: Ball 1-1: Ball 2-1: Foul Ball, location: 2F 2-2: Ground out 6-3 (Groundball, 6)
|
Batting: RHB Bill Tremblay
|
0-0: Foul Ball, location: 2F 0-1: Swinging Strike 0-2: Ground out 4-3 (Groundball, 4)
|
Top of the 7th over - 0 run(s), 0 hit(s), 0 error(s), 0 left on base; Coweta HS 8 - Maize HS 1 |
BOTTOM OF THE 7TH |
Maize HS batting - Pitching for Coweta HS Tigers : RHP Bruce Vázquez
|
Batting: LHB Chad Aguilar
|
0-0: Called Strike 0-1: Swinging Strike 0-2: Foul Ball, location: 2F 0-2: Foul Ball, location: 2F 0-2: Hit by Pitch
|
Batting: RHB Dan Ramsey
|
0-0: Foul Ball, location: 2F 0-1: Ball 1-1: Swinging Strike 1-2: Strikes out swinging
|
Batting: RHB Jorge Molina
|
0-0: Fielders Choice at 2nd, 1-6 (Groundball, 13S)
|
Batting: RHB Dan Osborne
|
0-0: Ball 1-0: 2-RUN HOME RUN (Flyball, 7LD), Distance : 339 ft
|
Batting: RHB Chris Wilson
|
0-0: Ball 1-0: Ground out 6-3 (Groundball, 6M)
|
Bottom of the 7th over - 2 run(s), 1 hit(s), 0 error(s), 0 left on base; Coweta HS 8 - Maize HS 3 |
TOP OF THE 8TH |
Coweta HS Tigers batting - Pitching for Maize HS : LHP Ángel Quintana
|
Pitching: LHP John Sharpley
|
|
Batting: RHB Arthur Salyers
|
0-0: Bunt missed! 0-1: Fly out, F9 (Flyball, 9LM)
|
Batting: RHB Todd Slater
|
0-0: Swinging Strike 0-1: Ball 1-1: Ball 2-1: Ball 3-1: Called Strike 3-2: Strikes out swinging
|
Batting: LHB Jamie Walker
|
0-0: Ball 1-0: Foul Ball, location: 2F 1-1: Ground out 4-3 (Groundball, 34)
|
Top of the 8th over - 0 run(s), 0 hit(s), 0 error(s), 0 left on base; Coweta HS 8 - Maize HS 3 |
BOTTOM OF THE 8TH |
Maize HS batting - Pitching for Coweta HS Tigers : RHP Bruce Vázquez
|
Pitching: RHP Billy Cole
|
|
Batting: SHB Ricardo Gómez
|
0-0: Swinging Strike 0-1: Swinging Strike 0-2: Ball 1-2: Ball 2-2: SINGLE (Line Drive, 89S)
|
Batting: RHB Nelson Martínez
|
0-0: Hit by Pitch Ricardo Gómez to second
|
Batting: SHB Tony Morrison
|
0-0: Called Strike 0-1: Ball 1-1: Ball 2-1: Called Strike 2-2: Foul Ball, location: 2F 2-2: Ball 3-2: SINGLE (Line Drive, 6D) Ricardo Gómez to third Nelson Martínez to second
|
Pitching: RHP Mario Salazar
|
|
Batting: RHB Lorenzo Hernández
|
0-0: Foul Ball, location: 2F 0-1: Ball 1-1: Ball 2-1: Called Strike 2-2: Foul Ball, location: 2F 2-2: SINGLE (Popup, 9LS) Ricardo Gómez scores Nelson Martínez to third Tony Morrison to second
|
Pitching: LHP José Agámez
|
|
Batting: LHB Chad Aguilar
|
0-0: Foul Ball, location: 2F 0-1: Swinging Strike 0-2: Strikes out swinging
|
Batting: RHB Dan Ramsey
|
0-0: Ball 1-0: Ball 2-0: Ball 3-0: Called Strike 3-1: Base on Balls Nelson Martínez scores Tony Morrison to third Lorenzo Hernández to second
|
Batting: RHB Jorge Molina
|
0-0: Called Strike 0-1: Swinging Strike 0-2: Ball 1-2: Strikes out swinging
|
Batting: RHB Dan Osborne
|
0-0: Ground out 5-3 (Groundball, 5L)
|
Bottom of the 8th over - 2 run(s), 3 hit(s), 0 error(s), 3 left on base; Coweta HS 8 - Maize HS 5 |
TOP OF THE 9TH |
Coweta HS Tigers batting - Pitching for Maize HS : LHP John Sharpley
|
Batting: RHB Dusty Green
|
0-0: Called Strike 0-1: Ball 1-1: Ball 2-1: Called Strike 2-2: Strikes out swinging
|
Batting: RHB Kevin Burris
|
0-0: Ball 1-0: SINGLE (Flyball, 8LS)
|
Batting: LHB John Jones
|
0-0: Ball 1-0: Ball 2-0: SINGLE (Line Drive, 7S) Kevin Burris to second
|
Batting: RHB Brian Andrews
|
0-0: Ball 1-0: Foul Ball, location: 2F 1-1: Ground out 4-3 (Groundball, 4MS) Kevin Burris to third John Jones to second
|
Batting: RHB Eddie Fisher
|
0-0: Foul Ball, location: 2F 0-1: Fly out, F9 (Line Drive, 89M)
|
Top of the 9th over - 0 run(s), 2 hit(s), 0 error(s), 2 left on base; Coweta HS 8 - Maize HS 5 |
BOTTOM OF THE 9TH |
Maize HS batting - Pitching for Coweta HS Tigers : LHP José Agámez
|
Pitching: RHP Jack Dorsey
|
|
Batting: RHB Chris Wilson
|
0-0: Ball 1-0: Foul Ball, location: 2F 1-1: Ball 2-1: Ground out 6-3 (Groundball, 6)
|
Batting: SHB Ricardo Gómez
|
0-0: Ball 1-0: Swinging Strike 1-1: Swinging Strike 1-2: Ball 2-2: Strikes out swinging
|
Batting: RHB Nelson Martínez
|
0-0: SOLO HOME RUN (Line Drive, 7D), Distance : 382 ft
|
Batting: SHB Tony Morrison
|
0-0: Foul Ball, location: 2F 0-1: Ball 1-1: SINGLE (Line Drive, 56)
|
Batting: RHB Lorenzo Hernández
|
0-0: Ball 1-0: Called Strike 1-1: Foul Ball, location: 2F 1-2: Ball 2-2: Strikes out swinging
|
Bottom of the 9th over - 1 run(s), 2 hit(s), 0 error(s), 1 left on base; Coweta HS 8 - Maize HS 6 |
|